[Event "*** Titled Tuesday 3|2 Blitz"]
[Site "Chess.com"]
[Date "2015.02.24"]
[Round "1"]
[White "alturas_pacificas"]
[Black "tigrangharamian"]
[Result "0-1"]
[WhiteElo "2077"]
[BlackElo "2458"]
[TimeControl "180+2"]
[EndTime "11:07:36 PST"]
[Termination "tigrangharamian won by resignation"]

1. d4 Nf6 2. Bf4 d6 3. e3 g6 4. Nf3 Bg7 5. Be2 O-O 6. O-O b6 7. c4 Bb7 8. Nc3 e6 9. h3 Nbd7 10. b4 Ne4 11. Nxe4 Bxe4 12. Nd2 Bb7 13. Bf3 Qc8 14.
Rc1 e5 15. dxe5 Nxe5 16. Bxb7 Qxb7 17. Bxe5 Bxe5 18. Nf3 Bf6 19. Qd5 Qa6 20. c5 dxc5 21. bxc5 Kg7 22. e4 Rad8 23. Qb3 Rfe8 24. Rfe1 Bd4 25. Nxd4 Rxd4 26. Qb2 Rd8 27. cxb6 Qxb6 28. Qxb6 cxb6 29. Rc7 R8d7 30. Rec1 Rxc7 31. Rxc7 Ra4 32.
Rc2 Rxe4 33. f3 Ra4 34. Kf2 h5 35. Ke2 h4 36. Kd2 Kf6 37. Kc1 Kg5 38. Kb2 f5 39.
Kb3 Ra5 40. a4 Kf4 41. Kb4 g5 42. Re2 Kg3 43. Rd2 Rc5 44. Re2 a5+ 45. Kb3 b5 46.
axb5 Rxb5+ 47. Ka4 Rd5 48. Rc2 Rd1 49. Kxa5 Rg1 50.
Rc5 Kxg2 51. Rxf5 Kxh3 52. Kb4 Rg3 53. Kc4 Kg2 54. Kd4 h3 0-1

[Event "*** Titled Tuesday 3|2 Blitz"]
[Site "Chess.com"]
[Date "2015.02.24"]
[Round "1"]
[White "MattyDPerrine"]
[Black "BeerLag"]
[Result "0-1"]
[WhiteElo "2036"]
[BlackElo "2393"]
[TimeControl "180+2"]
[EndTime "11:07:52 PST"]
[Termination "BeerLag won by resignation"]

1. d4 Nf6 2. c4 c5 3. Nf3 g6 4. Nc3 cxd4 5. Nxd4 Nc6 6. e4 d6 7. Be2 Bg7 8. Nc2 O-O 9. O-O Be6 10. Be3 Nd7 11. Qd2 a6 12. Rac1 Qa5 13. Nd4 Nxd4 14. Bxd4 Bxd4 15. Qxd4 Qc5 16. Qd2 Rac8 17. b3 Rfe8 18.
Kh1 f6 19. f4 Bf7 20. Rfd1 Kg7 21. Bg4 Rc7 22. Nd5 Bxd5 23. cxd5 Qb6 24. Rxc7 Qxc7 25.
Rc1 Nc5 26. b4 Nxe4 27. Rxc7 Nxd2 28. Bc8 b5 29. Bxa6 Ra8 30. Bxb5 Rxa2 31. Rxe7+ Kh6 32. h3 Rb2 33. Re2 Rb1+ 34. Kh2 Nf1+ 35. Kg1 Ng3+ 36. Kf2 Nxe2 37. Bxe2 Rxb4 38. Bf3 g5 39. Ke3 Rxf4 40. Be4 f5 41. Bf3 Ra4 42. g3 Kg6 43. Kf2 Kf6 44.
Ke3 Ke5 45. Bg2 f4+ 46. gxf4+ gxf4+ 47. Kf2 Ra2+ 48. Kf1 Kd4 49. h4 Ke3 0-1

[Event "*** Titled Tuesday 3|2 Blitz"]
[Site "Chess.com"]
[Date "2015.02.24"]
[Round "1"]
[White "Enozen"]
[Black "jup1978"]
[Result "1-0"]
[WhiteElo "2477"]
[BlackElo "2123"]
[TimeControl "180+2"]
[EndTime "11:07:55 PST"]
[Termination "Enozen won by resignation"]

1. d4 d5 2. c4 c6 3. Nc3 Nf6 4. Nf3 a6 5. a4 e6 6. Bg5 Be7 7. e3 a5 8. Be2 Na6 9. Qb3 Nb4 10. Na2 O-O 11. Bxf6 gxf6 12. Nc3 Bd6 13. O-O Kh8 14. e4 dxe4 15. Nxe4 f5 16. Nxd6 Qxd6 17. Qc3 f6 18. Rfe1 Bd7 19. Bf1 Rf7 20. Re3 Rg8 21. Rae1 Qf4 22.
b3 c5 23. Rxe6 Bxe6 24. Rxe6 cxd4 25. Nxd4 Qg5 26. Nf3 Qg7 27. g3 f4 28. Bh3 fxg3 29. hxg3 Nc6 30. Bf5 Rd8 31. Kg2 Kg8 32. Qe3 Re7 33. Nh4 Rxe6 34. Bxe6+ Kh8 35. Nf5 Qf8 36. Bd5 Re8 37. Qb6 Ne7 38. Nxe7 Rxe7 39. Qxa5 f5 40.
Qc3+ Qg7 41. Qf3 Qf6 42. Bxb7 f4 43. Bd5 Rg7 44. Qe4 h5 45. Qe8+ Kh7 46. Qxh5+ Qh6 47.
Be4+ Rg6 48. Bxg6+ 1-0

[Event "*** Titled Tuesday 3|2 Blitz"]
[Site "Chess.com"]
[Date "2015.02.24"]
[Round "1"]
[White "IMRosen"]
[Black "Danirod"]
[Result "1-0"]
[WhiteElo "2025"]
[BlackElo "2368"]
[TimeControl "180+2"]
[EndTime "11:08:12 PST"]
[Termination "IMRosen won by checkmate"]

1. c4 c5 2. Nf3 Nc6 3. Nc3 Nf6 4. e3 e6 5. d4 d5 6. cxd5 Nxd5 7. Bb5 Nxc3 8. bxc3 Bd7 9. O-O Be7 10. Bb2 a6 11.
Bd3 b5 12. e4 c4 13. Bc2 O-O 14.
Qe2 Qc7 15. Rad1 e5 16. dxe5 Bg4 17. h3 Bh5 18. g4 Bg6 19. Rd5 Rfe8 20. Bc1 h5 21. Bf4 hxg4 22. hxg4 Qc8 23. Nd4 Bf8 24.
Kg2 a5 25. Nf5 Ne7 26. Rxb5 Qc6 27. Nxe7+ Bxe7 28. Rd5 Ba3 29. Rh1 Rab8 30. Qf3 Rb2 31. Qh3 f6 32. Ba4 Bxe4+ 33. Kg3 Qxa4 34. exf6 Kf7 35.
fxg7 Bxh1 36. Qh5+ Ke6 37. Qf5+ Ke7 38. Bg5# 1-0

[Event "*** Titled Tuesday 3|2 Blitz"]
[Site "Chess.com"]
[Date "2015.02.24"]
[Round "1"]
[White "AUSSIE_PINOY"]
[Black "1random"]
[Result "0-1"]
[WhiteElo "2354"]
[BlackElo "2016"]
[TimeControl "180+2"]
[EndTime "11:08:16 PST"]
[Termination "1random won by resignation"]

1. d4 Nf6 2. Nf3 d5 3. c4 e6 4.
Nc3 dxc4 5. e4 Bb4 6. e5 Nd5 7.
Bd2 Bxc3 8. bxc3 Nb6 9. a4 a5 10. h4 N8d7 11. Be3 Qe7 12. Ng5 Nd5 13. Bxc4 N7b6 14.
Bd3 Nxc3 15. Qc2 Ncd5 16. Bd2 Nb4 17. Qb3 Nxd3+ 18. Qxd3 Bd7 19. O-O h6 20. Ne4 Nxa4 21.
f4 O-O 22. h5 b5 23. Rf3 Nb2 24. Qe2 Nc4 25. Bc1 Bc6 26. Rg3 Bxe4 27. Qxe4 f5 28.
exf6 Qxf6 29. Ra2 Rad8 30. Rd3 Qf5 31. Qe2 Rd6 32. g4 Qd5 33. Ra1 c5 34. Rb1 cxd4 35.
Rdb3 b4 36. Qd3 Ne3 37. Bxe3 dxe3 38. Qxe3 Qd4 39. Kf2 Rxf4+ 40. Ke2 Re4 0-1

[Event "*** Titled Tuesday 3|2 Blitz"]
[Site "Chess.com"]
[Date "2015.02.24"]
[Round "1"]
[White "FytNob"]
[Black "FlySooHigh"]
[Result "0-1"]
[WhiteElo "1863"]
[BlackElo "2348"]
[TimeControl "180+2"]
[EndTime "11:08:26 PST"]
[Termination "FlySooHigh won on time"]

1. d4 Nf6 2. Bg5 c5 3. Bxf6 gxf6 4. d5 Qb6 5. Qc1 f5 6. e3 Bg7 7. c3 e6 8. Bd3 exd5 9. Bxf5 Nc6 10. Nf3 Qa6 11.
Qd2 Ne7 12. Bd3 Qf6 13. Na3 O-O 14. O-O a6 15. Rad1 b5 16. Bb1 d6 17. Rfe1 Bg4 18.
Qc2 Bf5 19. e4 Bxe4 20. Rxe4 dxe4 21. Qxe4 Ng6 22. h4 Rfe8 23. Qd3 Rad8 24. Ng5 h6 25.
Ne4 Qxh4 26. g3 Qg4 27. Re1 Ne5 28. Qe2 f5 29. Qxg4 Nxg4 30. f3 fxe4 31. fxg4 d5 32. Nc2 d4 33. cxd4 cxd4 34. Nb4 d3 35. Rd1 Rd6 36. b3 a5 0-1

[Event "*** Titled Tuesday 3|2 Blitz"]
[Site "Chess.com"]
[Date "2015.02.24"]
[Round "1"]
[White "Schemato"]
[Black "mokerslag"]
[Result "1/2-1/2"]
[WhiteElo "2052"]
[BlackElo "2390"]
[TimeControl "180+2"]
[EndTime "11:08:38 PST"]
[Termination "Game drawn - insufficient material"]

1. c4 Nf6 2. Nc3 e6 3. e4 d5 4.
e5 d4 5. exf6 dxc3 6. bxc3 Qxf6 7. Nf3 c5 8. d4 Qd8 9. Bd3 g6 10. O-O Bg7 11. Ba3 cxd4 12. cxd4 Bxd4 13. Nxd4 Qxd4 14.
Qb3 e5 15. Rfe1 Nc6 16. Bb2 Qb6 17. Bxe5 O-O 18. Bb2 Qxb3 19. axb3 Be6 20. Be4 Rfd8 21.
Bc3 Rd7 22. Red1 Rad8 23. Rxd7 Rxd7 24. f3 f5 25. Bxc6 bxc6 26. Kf2 Rd3 27. Be5 Rxb3 28. Rxa7 Bxc4 29. Rg7+ Kf8 30. Rxh7 g5 31. Rh5 Rb5 32. f4 gxf4 33. Rxf5+ Ke7 34. Kf3 Bd5+ 35. Kxf4 Bxg2 36. Bf6+ Ke6 37. Rxb5 cxb5 38. h4 Kd5 39. h5 Be4 40.
h6 Bb1 41. Kg5 Ke6 42. Bb2 Kd5 43. Kf6 Kc4 44. Kg7 Kb3 45. Bf6 Ka2 46. h7 Bxh7 47. Kxh7 b4 48. Kg6 b3 49. Kf5 b2 50. Bxb2 1/2-1/2

[Event "*** Titled Tuesday 3|2 Blitz"]
[Site "Chess.com"]
[Date "2015.02.24"]
[Round "1"]
[White "Alexander_Donchenko"]
[Black "Aragon"]
[Result "1-0"]
[WhiteElo "2395"]
[BlackElo "2023"]
[TimeControl "180+2"]
[EndTime "11:08:44 PST"]
[Termination "Alexander_Donchenko won by resignation"]

1. d4 d5 2. c4 e6 3. Nc3 c6 4.
Nf3 dxc4 5. a4 Bb4 6. e4 b5 7.
Bd2 a5 8. Be2 Nf6 9. e5 Bxc3 10.
bxc3 Nd5 11. Rb1 b4 12. cxb4 c3 13. Bg5 Qc7 14. b5 cxb5 15. Bxb5+ Nd7 16. Rc1 Ba6 17.
Bxa6 Rxa6 18. O-O O-O 19. Re1 Rc6 20. Qd3 Rc4 21. Be3 N7b6 22. Ng5 g6 23. Qe4 Kg7 24.
Qh4 h5 25. Ne4 Rh8 26. Bg5 Rxd4 27. Bf6+ Nxf6 28. exf6+ Kg8 29. Qh3 Nxa4 30. Ng5 Rg4 31. Qe3 Qf4 32. Qxf4 Rxf4 33. Ra1 h4 34. Reb1 Rxf6 35.
Rxa4 Rh5 36. Ne4 Rf4 37. g3 Rxe4 38. Rxe4 Rc5 39. Rc1 Kg7 40. Re3 Rf5 41. Rexc3 h3 42. Ra3 Rb5 43. Rca1 Kf6 44. Rxa5 Rb8 45. R5a4 Rb6 46.
Rh4 Rb2 47. Rxh3 1-0

[Event "*** Titled Tuesday 3|2 Blitz"]
[Site "Chess.com"]
[Date "2015.02.24"]
[Round "1"]
[White "tac49"]
[Black "Rogue_King"]
[Result "1-0"]
[WhiteElo "2385"]
[BlackElo "2006"]
[TimeControl "180+2"]
[EndTime "11:09:03 PST"]
[Termination "tac49 won by resignation"]

1. e4 c6 2. d4 d5 3. Nc3 dxe4 4.
Nxe4 Bf5 5. Ng3 Bg6 6. h4 h6 7. Nf3 Nd7 8. h5 Bh7 9. Bd3 Bxd3 10. Qxd3 e6 11. Bd2 Ngf6 12. O-O-O Be7 13. Kb1 O-O 14. Ne4 Nxe4 15. Qxe4 Nf6 16. Qe2 Qd5 17. Be3 a5 18. Ne5 c5 19. f4 Qe4 20. Qf2 Nd5 21. Bc1 Nb4 22. Rhe1 Qd5 23. c4 Qd8 24. dxc5 Qc8 25. Be3 Na6 26. Nd7 Rd8 27. Nb6 Qc6 28. Nxa8 Qe4+ 29.
Ka1 Nb4 30. Rxd8+ Bxd8 31. Rc1 Nd3 32. Qf3 Qf5 33. g4 Qh7 34. Rd1 Bf6 35. Bc1 Nxc5 36. Qe3 Qc2 37. Qd2 Qxc4 38. Nb6 Qb5 39. Nd7 Ne4 40. Nxf6+ Nxf6 41. Qd8+ Ne8 42. Qd7 1-0

[Event "*** Titled Tuesday 3|2 Blitz"]
[Site "Chess.com"]
[Date "2015.02.24"]
[Round "1"]
[White "VerdeNotte"]
[Black "guillead1"]
[Result "0-1"]
[WhiteElo "2495"]
[BlackElo "2264"]
[TimeControl "180+2"]
[EndTime "11:09:07 PST"]
[Termination "guillead1 won by resignation"]

1. e4 g6 2. d4 Bg7 3. Nc3 c6 4. Nf3 d5 5. h3 Nf6 6. Bd3 dxe4 7.
Nxe4 Nxe4 8. Bxe4 Nd7 9. c3 O-O 10. Qe2 e5 11. Bg5 Qb6 12. dxe5 Re8 13. Be3 Qc7 14.
Bf4 Nxe5 15. O-O Nxf3+ 16. Qxf3 Qb6 17. Rab1 Be6 18. b3 Qa5 19. b4 Qxa2 20. b5 Bd5 21. bxc6 Bxe4 22. Qg3 Bxc6 23. h4 Qd5 24. Rbd1 Qf5 25.
Rfe1 h5 26. Rxe8+ Rxe8 27. Be3 Qg4 28. Qxg4 hxg4 29. Bxa7 Bxc3 30. Be3 g3 31. Rd3 gxf2+ 32. Kxf2 Bf6 33. g3 Ra8 34. Bd2 Ra2 35. Ke3 Kg7 36.
Rb3 Ra4 37. Kf2 Rd4 38. Bf4 Rd5 39. Ra3 g5 40. hxg5 Bxg5 41. Ke3 Bxf4+ 42. Kxf4 Rd1 43. Ra8 Rf1+ 44. Kg5 Rd1 45. Ra3 Rd5+ 46. Kf4 b5 47. Ra6 Rc5 48. Rb6 Bd7 49. Ke4 Rc4+ 50. Kf3 b4 51.
Ke3 Be6 52. Kd2 Rg4 53. Ke2 b3 54. Kf2 Rc4 55. Ke3 Rc2 56. Kd3 Rg2 57. Ke4 Rxg3 58. Kf4 Rg2 59. Kf3 Rc2 60. Kf4 b2 61. Kg5 Ba2 62. Rb4 b1=Q 63. Rg4 Qd1 64. Rg3 Kf8 65. Kh6 Rh2+ 0-1

[Event "*** Titled Tuesday 3|2 Blitz"]
[Site "Chess.com"]
[Date "2015.02.24"]
[Round "1"]
[White "cassoulet"]
[Black "jcibarra"]
[Result "1/2-1/2"]
[WhiteElo "2163"]
[BlackElo "2471"]
[TimeControl "180+2"]
[EndTime "11:09:20 PST"]
[Termination "Game drawn - insufficient material"]

1. e4 e5 2. Nf3 d6 3. d4 exd4 4. Qxd4 a6 5. Bg5 Nc6 6. Qe3 Nf6 7. Nc3 Be7 8. O-O-O O-O 9. h3 Re8 10. e5 Nd7 11.
exd6 cxd6 12. Qf4 f6 13. Bh4 Nb6 14. Bg3 Be6 15. Nd4 Bf7 16. Nf5 Ne5 17. Qd4 Rc8 18. Nxd6 Bxd6 19. Qxd6 Qxd6 20. Rxd6 Nec4 21. Bxc4 Nxc4 22.
Rd7 b5 23. Rhd1 Bg6 24. Rc7 Rxc7 25. Bxc7 b4 26. Nd5 Re2 27. Nxb4 a5 28. Nd3 Bxd3 29. cxd3 Nxb2 30. Rd2 Rxf2 31. Rxb2 Rf5 32. Bb6 Kf7 33. a4 Rf4 34. Bxa5 Rxa4 35. Bc3 Kg6 36. d4 Kf5 37.
Kd2 Ke4 38. Ke2 Rc4 39. Rb3 g5 40. Kd2 f5 41. Rb5 Ra4 42. Re5+ Kf4 43. Ke2 g4 44.
Bd2+ Kg3 45. Rxf5 Rxd4 46. Be3 Re4 47. Rg5 h5 48. Rxh5 Kxg2 49. h4 Kh3 50. Rh8 g3 51. h5 g2 52. Rg8 Re7 53. h6 Rf7 54. Rg7 Rf8 55. h7 Rh8 56. Bd4 Kh4 57. Kf2 Kh5 58.
Rg5+ Kxg5 59. Bxh8 Kg6 60. Kxg2 Kxh7 1/2-1/2

[Event "*** Titled Tuesday 3|2 Blitz"]
[Site "Chess.com"]
[Date "2015.02.24"]
[Round "1"]
[White "BjarkeSahl"]
[Black "gmjlh"]
[Result "0-1"]
[WhiteElo "2128"]
[BlackElo "2477"]
[TimeControl "180+2"]
[EndTime "11:09:25 PST"]
[Termination "gmjlh won by resignation"]

1. Nf3 d5 2. g3 g6 3. Bg2 Bg7 4. O-O e5 5. d3 Ne7 6. e4 O-O 7. Nc3 d4 8. Ne2 c5 9. a4 Nec6 10. h3 a6 11. Bg5 f6 12. Bc1 Be6 13. b3 Nd7 14. Nd2 b5 15. f4 bxa4 16. Rxa4 Nb6 17.
Ra1 a5 18. Nf3 a4 19. bxa4 Rxa4 20. Rxa4 Nxa4 21. Nh4 c4 22. f5 Bf7 23. fxg6 hxg6 24. Nf3 Nc3 25. Nxc3 dxc3 26. h4 cxd3 27. cxd3 Nd4 28.
Nxd4 Qxd4+ 29. Kh2 Rd8 30. Rf3 Rc8 31. Qf1 Qd6 32. Bh3 Rc7 33. Rf2 c2 34. g4 Bb3 35. g5 Rf7 36. h5 fxg5 37. Rxf7 Bxf7 38. hxg6 Qxg6 39. Qf2 g4 40. Bg2 g3+ 41. Qxg3 Qxg3+ 42. Kxg3 Kh7 43. Bh3 Bh6 44. Bf5+ Bg6 45. Ba3 c1=Q 46. Bxc1 Bxc1 47. Be6 Bb2 48. Bc4 Bd4 49. Kf3 Kg7 50.
Kg4 Kf6 51. Kh4 Bf7 52. Kg4 Bxc4 53. dxc4 Ke6 54. Kg5 Kd6 0-1

[Event "*** Titled Tuesday 3|2 Blitz"]
[Site "Chess.com"]
[Date "2015.02.24"]
[Round "1"]
[White "FabianEnglert"]
[Black "AnthonyWirig"]
[Result "0-1"]
[WhiteElo "2236"]
[BlackElo "2562"]
[TimeControl "180+2"]
[EndTime "11:09:26 PST"]
[Termination "AnthonyWirig won by resignation"]

1. Nf3 c5 2. e4 e6 3. Nc3 a6 4.
g3 Nc6 5. d4 cxd4 6. Nxd4 Qc7 7. Bg2 d6 8. O-O Bd7 9. Re1 Be7 10. Nxc6 Bxc6 11. a4 Nf6 12. a5 O-O 13. Be3 Rac8 14. Bb6 Qb8 15. Na4 d5 16. Bc5 Bxc5 17. Nxc5 dxe4 18.
Nxe4 Bxe4 19. Bxe4 b5 20. axb6 Qxb6 21. b3 Rfd8 22.
Bd3 a5 23. Qd2 Rd5 24. Qe3 Qc7 25. Ra4 Rcd8 26. Rea1 g6 27. Qe1 h5 28. Rxa5 h4 29. Rxd5 Rxd5 30. Qe3 hxg3 31. hxg3 Kg7 32. Ra7 Qb8 33.
Ra4 Re5 34. Qf3 Re1+ 35. Kg2 Qe5 36. Rf4 Qa1 37. Kh2 Qe5 38. b4 g5 39. Rxf6 Qxf6 40. Qxf6+ Kxf6 41. b5 Ke5 42. Kh3 f5 43. Kg2 g4 44. f3 gxf3+ 45. Kxf3 Rb1 46. g4 fxg4+ 47. Kxg4 Rb4+ 48. Kf3 Kd4 49. Ke2 e5 50. Kf3 Rb2 51. Ke2 e4 0-1

[Event "*** Titled Tuesday 3|2 Blitz"]
[Site "Chess.com"]
[Date "2015.02.24"]
[Round "1"]
[White "Kacparov"]
[Black "ruifeng"]
[Result "1-0"]
[WhiteElo "2444"]
[BlackElo "2059"]
[TimeControl "180+2"]
[EndTime "11:09:26 PST"]
[Termination "Kacparov won by resignation"]

1. e4 e6 2. d4 d5 3. Nd2 Nf6 4.
e5 Nfd7 5. Bd3 c5 6. c3 Nc6 7. Ngf3 Be7 8. O-O g5 9. dxc5 Nxc5 10. Bc2 Qc7 11. Nb3 Nxb3 12. axb3 g4 13. Nd4 Qxe5 14. Qxg4 Bd7 15. Be3 h5 16. Qf3 Qf6 17. Qxf6 Bxf6 18. Nxc6 bxc6 19. Rxa7 Rxa7 20. Bxa7 Kd8 21. Bc5 Kc7 22.
Ra1 Rb8 23. b4 e5 24. Ra7+ Rb7 25. Rxb7+ Kxb7 26. f3 h4 27. Kf2 Bg5 28. Be3 f6 29. g3 hxg3+ 30. hxg3 Bxe3+ 31. Kxe3 Kb6 32. Bd3 c5 33.
bxc5+ Kxc5 34. b4+ Kd6 35. f4 Be8 36. Bf5 Bb5 37. g4 Be8 38. Bd3 Bd7 39. Be2 Bc8 40.
fxe5+ Kxe5 41. b5 Bb7 42. Bf3 Bc8 43. b6 Ba6 44. c4 f5 45. c5 d4+ 46. Kd2 fxg4 47.
Bg2 Ke6 48. b7 Bxb7 49. Bxb7 Kd7 50. Bg2 Ke6 51. Kd3 Ke5 52. c6 g3 53. c7 1-0

[Event "*** Titled Tuesday 3|2 Blitz"]
[Site "Chess.com"]
[Date "2015.02.24"]
[Round "1"]
[White "Argente"]
[Black "GMNeiksans"]
[Result "1/2-1/2"]
[WhiteElo "2205"]
[BlackElo "2486"]
[TimeControl "180+2"]
[EndTime "11:09:51 PST"]
[Termination "Game drawn by agreement"]

1. d4 Nf6 2. Nf3 e6 3. c3 b6 4. Bg5 Bb7 5. Nbd2 d5 6. e3 Nbd7 7. Ne5 Be7 8. Bxf6 Bxf6 9. f4 Bxe5 10. fxe5 O-O 11. Qh5 g6 12. Qh6 f6 13. Bd3 fxe5 14. Bxg6 Qe7 15. Bc2 Rf6 16. Qg5+ Kh8 17. O-O-O Rg8 18.
Qh4 Rxg2 19. dxe5 Rf7 20. Qh3 Rff2 21. Rhf1 Nxe5 22. Rxf2 Rxf2 23. Qg3 Qf6 24. Rg1 Ng6 25. Qxc7 Ba6 26. Qxa7 Rxd2 27. Qxa6 Rxc2+ 28. Kxc2 Qf2+ 29. Kb3 Qxg1 30. Qxb6 Qg4 31. Qb8+ Kg7 32. Qc7+ Kh6 33. a4 Qd1+ 34. Ka3 e5 35. a5 Qa1+ 36. Kb3 Qd1+ 37. Ka3 Qe1 38. Qb6 Kh5 39. a6 e4 40. a7 Ne5 41. Kb4 Qa1 42. b3 Qxa7 43. Qxa7 Nc6+ 44. Kc5 Nxa7 45. Kxd5 Nb5 46. Kxe4 Nxc3+ 47. Kf5 Kh6 48. e4 Kg7 49. e5 Kf7 50. b4 Nb5 51.
Kg5 Ke6 52. Kh6 Kxe5 53. Kxh7 1/2-1/2

[Event "*** Titled Tuesday 3|2 Blitz"]
[Site "Chess.com"]
[Date "2015.02.24"]
[Round "1"]
[White "Colombiano07"]
[Black "Cryptochess"]
[Result "1/2-1/2"]
[WhiteElo "2021"]
[BlackElo "2382"]
[TimeControl "180+2"]
[EndTime "11:09:52 PST"]
[Termination "Game drawn by stalemate"]

1. e4 d6 2. d4 Nf6 3. Nc3 g6 4. Nf3 Bg7 5. h3 O-O 6. Be3 a6 7. a4 b6 8. Qd2 Bb7 9. Bd3 Nbd7 10. Bh6 e5 11. Bxg7 Kxg7 12. dxe5 dxe5 13. O-O Qe7 14. Rfe1 Nc5 15. Nd5 Bxd5 16. exd5 e4 17. b4 Nxd3 18.
cxd3 Nxd5 19. dxe4 Nxb4 20. a5 b5 21. Qd4+ Kg8 22. Rac1 Rfd8 23. Qc5 Qxc5 24. Rxc5 Nd3 25. Rec1 Nxc1 26. Rxc1 Rac8 27. Rc6 Rd6 28. Rc5 Rd1+ 29.
Kh2 Ra1 30. Nd4 Rxa5 31. Nc6 Ra2 32. Ne7+ Kf8 33. Nxc8 Rxf2 34. Rxc7 b4 35. Ra7 Ra2 36. Nd6 a5 37. Rxf7+ Kg8 38. Rb7 Re2 39. Rb5 Ra2 40.
Nc4 Re2 41. e5 a4 42. Rxb4 a3 43. Nxa3 Rxe5 44. Rb7 Re3 45. Nc4 Rc3 46. Ne5 Re3 47. Ng4 Re6 48. Kg3 Ra6 49. h4 Ra3+ 50. Kh2 Ra6 51.
h5 gxh5 52. Nf2 Ra2 53. Nh3 h4 54. Rb4 Kg7 55. Rxh4 Kg6 56. Rg4+ Kh5 57. Rg8 Ra3 58. Nf4+ Kh6 59. g4 Rh3+ 60. Kg2 Rg3+ 61. Kh2 Rh3+ 62.
Kg1 Rg3+ 63. Ng2 Rxg2+ 64. Kxg2 1/2-1/2

[Event "*** Titled Tuesday 3|2 Blitz"]
[Site "Chess.com"]
[Date "2015.02.24"]
[Round "1"]
[White "wonderfultime"]
[Black "stepanosinovsky"]
[Result "1-0"]
[WhiteElo "2574"]
[BlackElo "2239"]
[TimeControl "180+2"]
[EndTime "11:10:10 PST"]
[Termination "wonderfultime won on time"]

1. d4 Nf6 2. c4 g6 3. Nf3 Bg7 4. g3 O-O 5. Bg2 d6 6. O-O Nbd7 7. Nc3 e5 8. Qc2 Re8 9. dxe5 dxe5 10. Rd1 c6 11.
Nd2 Qe7 12. Nde4 Nxe4 13. Nxe4 Nc5 14. Bg5 f6 15. Nxc5 Qxc5 16. Be3 Qe7 17. c5 Bf5 18. Qa4 a6 19. Rd6 Rad8 20. Rad1 Rxd6 21. Rxd6 Rd8 22.
Qb3+ Kf8 23. Rxd8+ Qxd8 24. Qxb7 Qd1+ 25. Bf1 Bh3 26.
Qb8+ Kf7 27. Qb7+ Kf8 28. Qb8+ Kf7 29. Qb7+ Kg8 30. Qb3+ Qxb3 31. axb3 Bxf1 32. Kxf1 Kf7 33. f3 f5 34. Bd2 e4 35. fxe4 fxe4 36. Bc3 Bh6 37. Ke1 Ke6 38. Bd2 Bf8 39. b4 Kd5 40. Kf2 Bg7 41. b3 Bd4+ 42. Kg2 e3 43. Be1 Ke4 44.
g4 Be5 45. Bg3 Bc3 46. Bd6 Bxb4 47. h4 Be1 48. h5 Bh4 49. hxg6 hxg6 50. Bc7 Bg5 51.
Bd6 Bf4 52. Be7 g5 53. Bd6 a5 54. Be7 1-0

[Event "*** Titled Tuesday 3|2 Blitz"]
[Site "Chess.com"]
[Date "2015.02.24"]
[Round "1"]
[White "Hafez_Bakr"]
[Black "bugsbunny444"]
[Result "0-1"]
[WhiteElo "1839"]
[BlackElo "2333"]
[TimeControl "180+2"]
[EndTime "11:10:18 PST"]
[Termination "bugsbunny444 won by resignation"]

1. e4 e6 2. d4 d5 3. exd5 exd5 4. Bb5+ c6 5. Bd3 Nf6 6. Nf3 Bd6 7. h3 O-O 8. O-O h6 9. c4 dxc4 10. Bxc4 Nbd7 11. Nc3 Nb6 12. Bd3 Nbd5 13. Bd2 Re8 14. Rc1 Be6 15. Bb1 Bf8 16. a3 Nxc3 17. Bxc3 Nd5 18.
Qc2 g6 19. Bd2 Bg7 20. Rfe1 Qb6 21. Bc3 Bf5 22. Qd1 Bxb1 23. Rxb1 Qc7 24. Qd2 Qf4 25.
Qc2 Qd6 26. Qb3 Qc7 27. Rbd1 Rad8 28. Rc1 Qb6 29. Qc4 Qc7 30. Bd2 Qd6 31. Qb3 Nb6 32.
Rxe8+ Rxe8 33. Be3 Qd5 34. Qc3 Kh7 35. b3 Qd6 36. a4 Nd5 37. Qd3 Qe6 38. Re1 Qd7 39. Bd2 Rxe1+ 40. Bxe1 Ne7 41. b4 a6 42. Bc3 Nf5 43.
g4 Ne7 44. Qe3 Nd5 45. Qd3 b5 46. axb5 axb5 47. Qd2 Qd6 48. Ne1 Qf4 49. Qxf4 Nxf4 50. Kf1 Nxh3 51. Ng2 Ng5 52. Ke2 Ne4 53. Bb2 Nf6 54. f3 Nd5 55. Kd3 Nxb4+ 56. Ke4 Nd5 57. Bc1 Bf6 58. f4 Kg7 59. g5 hxg5 60. fxg5 Bd8 61.
Ke5 Bc7+ 62. Ke4 f5+ 63. gxf6+ Kxf6 64. Ne3 Nxe3 65. Bxe3 Ke6 66. Bg5 Bb6 67. Bh4 Bc7 68. Bg5 Ba5 69. Be3 Bc3 70. Bg5 b4 71. Kd3 Kd5 72. Bf6 c5 73. Bg7 Bxd4 74. Bxd4 cxd4 75.
Kc2 Kc4 0-1

[Event "*** Titled Tuesday 3|2 Blitz"]
[Site "Chess.com"]
[Date "2015.02.24"]
[Round "1"]
[White "Chesseducation4u"]
[Black "AlexanderL"]
[Result "1-0"]
[WhiteElo "2221"]
[BlackElo "2514"]
[TimeControl "180+2"]
[EndTime "11:10:24 PST"]
[Termination "Chesseducation4u won by resignation"]

1. Nf3 e6 2. g3 b6 3. Bg2 Bb7 4. O-O Nf6 5. c4 Be7 6. Nc3 O-O 7. d4 Ne4 8. Bd2 Nxd2 9. Nxd2 Bxg2 10.
Kxg2 c6 11. e4 d6 12. d5 Bf6 13. Qb3 Qc7 14. Rac1 Nd7 15. Rfe1 Nc5 16. Qc2 Rac8 17. Nf3 Rfe8 18. h4 Qb7 19. b4 Nd7 20. Qb3 Rc7 21. Ne2 Rec8 22. dxe6 fxe6 23. Nf4 Nf8 24. Nh5 Rf7 25.
Nxf6+ Rxf6 26. c5 d5 27. Ne5 Ng6 28. Ng4 Rff8 29. exd5 exd5 30. h5 Qd7 31. Qd1 Nf4+ 32. gxf4 Rxf4 33. f3 Rcf8 34. Re5 Qf7 35. Rc3 d4 36.
Rb3 b5 37. h6 g6 38. Qe2 Qc4 39. Rd3 R4f7 40. a3 a5 41. Re4 axb4 42. Rexd4 Qxc5 43.
axb4 Qg5 44. Qe5 Qxe5 45. Nxe5 Rf5 46. Nxc6 Rg5+ 47. Kf2 Rh5 48. Rd5 Rxh6 49. Rxb5 Rh2+ 50. Kg3 Re2 51. Rb7 Rf7 52. Rxf7 Kxf7 53. Rb3 g5 54. b5 h5 55. b6 h4+ 56. Kh3 Kg6 57. b7 1-0

[Event "*** Titled Tuesday 3|2 Blitz"]
[Site "Chess.com"]
[Date "2015.02.24"]
[Round "1"]
[White "Gevorg_Harutjunyan"]
[Black "oggy1984"]
[Result "1-0"]
[WhiteElo "2514"]
[BlackElo "2202"]
[TimeControl "180+2"]
[EndTime "11:11:09 PST"]
[Termination "Gevorg_Harutjunyan won by resignation"]

1. e4 e5 2. Nf3 Nc6 3. Bb5 a6 4. Ba4 d6 5. c3 Bd7 6. d4 Nf6 7. O-O Be7 8. Re1 O-O 9. Nbd2 Re8 10. Bb3 Bf8 11. Ng5 Re7 12. Ngf3 Re8 13. h3 g6 14. Ng5 Re7 15. dxe5 dxe5 16. Nf1 h6 17. Nf3 Be6 18. Qe2 Nh5 19. Bxe6 Rxe6 20. Rd1 Rd6 21.
Be3 Rxd1 22. Rxd1 Qe8 23. Rd5 Rd8 24. Qd2 Kh7 25. Rxd8 Nxd8 26. g4 Nf6 27. Ng3 Nc6 28.
g5 hxg5 29. Nxg5+ Kg8 30. Qe2 b5 31. h4 Nd8 32. h5 Ne6 33. hxg6 fxg6 34. Qf3 Bg7 35.
Qd1 Nxg5 36. Bxg5 Qc6 37. Qd8+ Kf7 38. Qd3 Nd7 39. Qf3+ Kg8 40. Qg4 Kf7 41. Qh4 Qe6 42. Bd8 Nf6 43. Bxc7 Qxa2 44. Bxe5 Qxb2 45. Bd4 Qb1+ 46.
Kg2 Qd1 47. e5 Nh5 48. Nxh5 Qxh5 49. e6+ Kxe6 50. Qxh5 gxh5 51. Bxg7 a5 52. Bf8 Kf5 53. Kg3 h4+ 54. Kf3 Ke5 55. Be7 h3 56. Kg3 Ke4 57. f3+ Ke3 58. Bc5+ Kd3 59. Kxh3 Kc4 60. Be7 Kxc3 61. f4 Kd4 62. Kg4 b4 63. f5 Ke5 64.
Kg5 b3 65. Bf6+ Kd6 66. Bb2 Ke7 67. Kg6 a4 68. f6+ Ke6 69. f7 1-0

[Event "*** Titled Tuesday 3|2 Blitz"]
[Site "Chess.com"]
[Date "2015.02.24"]
[Round "1"]
[White "Rijeka1999"]
[Black "Nouki"]
[Result "0-1"]
[WhiteElo "2273"]
[BlackElo "2639"]
[TimeControl "180+2"]
[EndTime "11:11:19 PST"]
[Termination "Nouki won by checkmate"]

1. e4 Nf6 2. e5 Nd5 3. d4 d6 4.
Nf3 g6 5. Bc4 Nb6 6. Bb3 Bg7 7.
Ng5 e6 8. Qf3 Qd7 9. exd6 cxd6 10. c3 h6 11. Ne4 f5 12. Ng3 O-O 13. O-O Kh7 14. a4 Qe7 15. a5 N6d7 16. a6 Nb6 17. Nd2 bxa6 18. Re1 e5 19. dxe5 dxe5 20. Nc4 Bb7 21.
Qe2 N8d7 22. Na5 Nc5 23. Ba2 f4 24. Nxb7 fxg3 25. hxg3 Nxb7 26. Be3 a5 27. Qb5 a4 28.
Bb1 Nd6 29. Qd3 Nf5 30. Qe4 Qf6 31. Bc5 Rfe8 32. g4 Nh4 33. Bd3 Rac8 34. Be3 Red8 35.
Be2 Nd5 36. Bxa7 Nf4 37. Bf1 Ne6 38. Rxa4 Nc5 39. Bxc5 Rxc5 40. Ra6 Qf4 41. Qb7 Rf8 42. Re2 Rcc8 43. Ra7 Qf6 44. Ra6 Qf7 45. Qe4 Rcd8 46. Rb6 Rd1 47. Rb7 Qf4 48. Qxf4 exf4 49. Ree7 Rg8 50.
f3 h5 51. gxh5 gxh5 52. Kf2 Rd6 53. Red7 Rd8 54. Rxg7+ Kh6 55. Be2 Nf5 56. Rgf7 Kg6 57. Rfc7 Rd2 58. Rc6+ Kg5 59. Rc5 Re8 60. Rbb5 Rexe2+ 61. Kf1 Rf2+ 62. Ke1 Rfe2+ 63. Kf1 Rf2+ 64. Ke1 Rde2+ 65.
Kd1 Rd2+ 66. Ke1 Rxg2 67. Rxf5+ Kh4 68. Rxh5+ Kg3 69. Rhg5+ Kxf3 70. Rxg2 Rxg2 71. b4 Rc2 72. Rc5 Ke3 73. Re5+ Kd3 74. b5 f3 75. Rf5 Ke3 76.
b6 Rc1# 0-1